 Dungeon Crawl Stone Soup version 0.21.1-1-g345015f (webtiles) character file.

53 Kagorn the Skirmisher (level 3, -5/24 HPs)
             Began as a Gargoyle Fighter on July 26, 2018.
             Slain by a gnoll
             ... wielding a +0 halberd
              (11 damage)
             ... on level 2 of the Dungeon.
             The game lasted 00:04:12 (733 turns).

Kagorn the Skirmisher (Gargoyle Fighter)             Turns: 733, Time: 00:04:21

Health: -5/24      AC:  8    Str: 19    XL:     3   Next: 89%
Magic:  3/3        EV:  8    Int:  8    God:
Gold:   77         SH:  9    Dex: 10    Spells: 2/2 levels left

rFire    . . .     SeeInvis .   a - +0 long sword
rCold    . . .     Gourm    .   c - +0 shield
rNeg     + . .     Faith    .   j - +0 ring mail
rPois    ∞         Spirit   .   (no helmet)
rElec    +         Reflect  .   (no cloak)
rCorr    .         Harm     .   (no gloves)
MR       .....                  (no boots)
Stlth    +.........             (no amulet)
HPRegen  0.08/turn              (no ring)
MPRegen  0.08/turn              (no ring)

@: no status effects
A: negative energy resistance 1, electricity resistance, unbreathing,
petrification resistance, rot immunity, AC +3
a: no special abilities


You were on level 2 of the Dungeon.
You were not hungry.

You visited 1 branch of the dungeon, and saw 2 of its levels.

You collected 77 gold pieces.

Inventory:

Hand Weapons
 a - a +0 long sword (weapon)
Missiles
 e - 49 stones (quivered)
Armour
 b - a +0 scale mail
 c - a +0 shield (worn)
 j - a +0 ring mail (worn)
Jewellery
 l - an uncursed ring of positive energy {unknown}
Scrolls
 g - a scroll of enchant armour {unknown}
 h - 2 scrolls of identify {unknown}
 i - a scroll of fear {unknown}
 m - a scroll of remove curse {unknown}
Potions
 d - 2 potions of might
 k - a potion of magic {unknown}
Books
 n - a book of Changes

   Spells                             Type                      Level
   a - Beastly Appendage              Transmutation                1
   b - Sticks to Snakes               Transmutation                2
   c - Spider Form                    Transmutation/Poison         3
   d - Ice Form                       Ice/Transmutation            4
   e - Blade Hands                    Transmutation                5
Comestibles
 f - 2 rations


   Skills:
 * Level 3.9 Fighting
 * Level 2.3 Long Blades
 + Level 3.5 Armour
 + Level 0.5 Dodging
 + Level 1.0 Stealth
 + Level 3.6 Shields


You had 2 spell levels left.
You didn't know any spells.

Dungeon Overview and Level Annotations

Branches:
Dungeon (2/15)

Altars:


Innate Abilities, Weirdness & Mutations

You are resistant to torment.
Your stone body is resilient. (AC +3)
You are immune to poison.
You resist negative energy. (rN+)
You are resistant to electric shocks. (rElec)
You can survive without breathing.
You are immune to petrification.
You are immune to rotting.


Message History

You can't go up here!
You climb downwards.
The gnoll barely misses you.
There is a stone staircase leading up here.
You barely miss the gnoll.
The gnoll is lightly wounded.
You block the gnoll's attack.
You hit the gnoll.
The gnoll is moderately wounded.
You block the gnoll's attack. x2
You barely miss the gnoll.
The gnoll is moderately wounded.
You block the gnoll's attack. The gnoll hits you but does no damage.
You hit the gnoll.
The gnoll is severely wounded.
The gnoll hits you with a halberd!
* * * LOW HITPOINT WARNING * * *
The gnoll hits you with a spear.
* * * LOW HITPOINT WARNING * * *
The gnoll hits you with a halberd!
You die...

#.######........g.g.......#
#............##############
######......§####..
................#.#
#####........##.#.#
#........##.#.##
#........##....#
#........##g#g#.####
#........†..@.......
#.#.#.#.###g#.#.####
#.#.#.#[# #....## #.#.#.#.#
#.#.## #........ ......
#.###.#.# ##..##. #.# #...#
... . #.# ##.## .## #.# .


You could see 3 gnolls.

Vanquished Creatures
  2 adders (D:2)
  2 oozes (D:1)
  2 leopard geckos (D:2)
  A ball python (D:1)
  3 hobgoblins (D:1)
  3 kobolds
  3 bats
  3 frilled lizards
  3 goblins
  8 rats
30 creatures vanquished.

Notes
Turn   | Place    | Note
-------+----------+-------------------------------------------
     0 | D:1      | Kagorn the Gargoyle Fighter began the quest for the Orb.
     0 | D:1      | Reached XP level 1. HP: 14/14 MP: 1/1
   103 | D:1      | Reached XP level 2. HP: 19/19 MP: 2/2
   519 | D:2      | Reached XP level 3. HP: 24/24 MP: 3/3
   614 | D:2      | Reached skill level 1 in Stealth
   733 | D:2      | Slain by a gnoll

Skill      XL: |  1  2  3 |
---------------+----------+-----
Long Blades    | 2 |  2.3
Stealth        | 1 |  1.0
Fighting       | |  3.9
Armour         | |  3.5
Dodging        | |  0.5
Shields        | |  3.6

Action                   || total
-------------------------++-------
Melee: Long sword        ||   113
Armor: Scale mail        ||    13
       Ring mail         ||    37
Dodge: Dodged            ||    47
Block: Shield            ||    58
       Rpst.: Long sword ||    12
